 Dungeon Crawl Stone Soup version 0.30-a0-634-g8abc85282e (webtiles) character file.

Game seed: 12427675330404942204

113 bande the Shield-Bearer (level 4, -5/29 HPs)
             Began as a Gargoyle Fighter on Jan 15, 2023.
             Killed from afar by Grinder (10 damage)
             ... with a puff of flame
             ... on level 3 of the Dungeon.
             The game lasted 00:03:04 (1891 turns).

bande the Shield-Bearer (Gargoyle Fighter)          Turns: 1891, Time: 00:03:05

Health: -5/29      AC: 13    Str: 20    XL:     4   Next: 96%
Magic:  4/4        EV:  7    Int:  8    God:
Gold:   125        SH:  4    Dex: 11    Spells: 3/3 levels left

rFire   . . .      SeeInvis .    a - +0 war axe
rCold   . . .      Faith    .    c - +0 buckler
rNeg    + . .      Spirit   .    l - +0 chain mail
rPois   ∞          Reflect  .    (no helmet)
rElec   +          Harm     .    (no cloak)
rCorr   .          Rampage  .    (no gloves)
Will    .....                    (no boots) Stlth
                                 (no amulet)
HPRegen 0.24/turn                (no ring)
MPRegen 0.09/turn                (no ring)

@: mighty
A: sickness immunity, AC +3, negative energy resistance 1, electricity
resistance, torment resistance 1, petrification resistance
a: no special abilities


You were on level 3 of the Dungeon.
You visited 1 branch of the dungeon, and saw 3 of its levels.

You collected 125 gold pieces.

Inventory:

Hand Weapons
 a - a +0 war axe (weapon)
Armour
 c - a +0 buckler (worn)
 l - a +0 chain mail (worn)
Scrolls
 e - a scroll of vulnerability {unknown}
 g - a scroll of blinking {unknown}
 k - a scroll of immolation {unknown}
 m - a scroll of acquirement {unknown}
 n - 2 scrolls of enchant weapon {unknown}
 o - a scroll of teleportation {unknown}
 p - a scroll of identify {unknown}
 q - a scroll of poison {unknown}
Potions
 b - a potion of degeneration {unknown}
 d - a potion of might
 f - 2 potions of lignification {unknown}
 h - a potion of haste {unknown}
 i - a potion of ambrosia {unknown}
 j - a potion of cancellation {unknown}


   Skills:
 + Level 3.8 Fighting
 + Level 3.4 Axes
 + Level 3.8 Armour
 + Level 3.8 Shields


You had 3 spell levels left.
You didn't know any spells.
Your spell library was empty.

Dungeon Overview and Level Annotations

Branches:
Dungeon (3/15)

Altars:

Shops:
D:2 ?

Annotations:
D:3 Grinder


Innate Abilities, Weirdness & Mutations

You are immune to sickness and miasma.
Your stone body is resilient. (AC +3)
You are immune to poison.
You resist negative energy. (rN+)
You are resistant to electric shocks. (rElec)
You are resistant to unholy torment.
You are immune to petrification.


Message History

Grinder blinks!
Unknown command.
You miss the bat. The bat barely misses you.
The bat hits you but does no damage. Grinder gestures at you.
You barely resist. The bat hits you but does no damage.
You slash the bat!
You kill the bat!
Grinder gestures at you.
You barely resist. The adder bites you but does no damage.
Grinder gestures at you.
You suddenly lose the ability to move!
The adder bites you but does no damage. Grinder gestures at you.
You shrug off the repeated paralysis!
The adder bites you but does no damage. Grinder gestures at you.
You barely resist. The adder bites you but does no damage. The adder bites you.
Grinder gestures at you.
You shrug off the repeated paralysis!
You can move again.
You slash the adder!
You kill the adder!
Grinder zaps a wand.
The puff of flame hits you but does no damage.
You slash the dart slug!
You kill the dart slug!
Grinder gestures at you.
You shrug off the repeated paralysis!
Unknown command.
Things that are here:
a dart slug corpse; an adder corpse
Things that are here:
a dart slug corpse; an adder corpse Grinder blinks!
Grinder gestures at you. Pain shoots through your body!
* * * LOW HITPOINT WARNING * * *
Grinder zaps a wand.
The puff of flame hits you!
You die...

?...## ##
#..##.#### .#
#[.# ..#.##.###
#..# #$.8.....#
#..###........##
#..##.8...8.....
#..##.........#
#..†...@<.5...#
#.###.......##..
#. #.8.†.8.....
#. ##.....#....
.. ##.8....###
.# #..###.# ..
#.## .# #. #.. #
##


You could see Grinder.

Vanquished Creatures
  4 adders
  4 dart slugs
  6 endoplasms (D:1)
  5 giant cockroaches
  4 goblins
  5 hobgoblins
  6 jackals
  4 quokkas
  3 ball pythons
  8 bats
  5 frilled lizards
  5 kobolds
  6 rats
65 creatures vanquished.

Notes
Turn   | Place    | Note
-------+----------+-------------------------------------------
     0 | D:1      | bande the Gargoyle Fighter began the quest for the Orb.
     0 | D:1      | Reached XP level 1. HP: 14/14 MP: 1/1
   100 | D:1      | Reached XP level 2. HP: 10/19 MP: 2/2
   510 | D:1      | Reached XP level 3. HP: 19/23 MP: 3/3
   969 | D:2      | Reached XP level 4. HP: 29/29 MP: 4/4
   983 | D:2      | Identified the +8 spear "Esylad" {venom, rElec Str-5 Int+6}
  1122 | D:2      | Found a faded altar of an unknown god.
  1410 | D:2      | Found Tumelud's Magic Scroll Shop.
  1864 | D:3      | Noticed Grinder
  1879 | D:3      | Paralysed by Grinder for 4 turns
  1891 | D:3      | Killed from afar by Grinder

Illustrated notes

Levels and vault maps discovered:
D:1:      dpeg_arrival_rooms_a, layout_basic
D:2:      layout_basic, dreamdust_ecumenical_altar_angels_and_demons,
          serial_shops, nicolae_shop_behind_doors
D:3:      layout_loops_ring, ebering_ghost_sewer_d, grunt_ministairs_2,
          hangedman_abyss_or_decor_stabs, grunt_decor_mini_mirrors,
          minmay_increasing_density, uniq_grinder, uniq_ijyb, uniq_sigmund

Skill      XL: |  1  2  3  4 |
---------------+-------------+-----
Axes           | 2 3 |  3.4
Fighting       | |  3.8
Armour         | |  3.8
Shields        | |  3.8

Action                   |  1- 3 |  4- 6 || total
-------------------------+-------+-------++-------
Melee: War axe           |    93 |    73 ||   166
  Use: Potion            |       |     1 ||     1
Armor: Scale mail        |    39 |       ||    39
       Chain mail        |    28 |    69 ||    97
Dodge: Dodged            |    41 |    37 ||    78
Block: Buckler           |    20 |    16 ||    36

Table legend: (Time is in decaauts)
 A = Elapsed time spent in this place.
 B = Non-inter-level travel time spent in this place.
 C = Inter-level travel time spent in this place.
 D = Time resting spent in this place.
 E = Time spent auto-exploring this place.
 F = Levels seen in this place.
 G = Mean time per level.
                   A        B        C        D        E       F      G
               +--------+--------+--------+--------+--------+-----+--------+
         Total |   1960 |   1920 |     40 |      0 |   1458 |   3 |  653.3 |
       Dungeon |   1960 |   1920 |     40 |      0 |   1458 |   3 |  653.3 |
               +--------+--------+--------+--------+--------+-----+--------+

Top non-repeatable levels by time:
     D:2: 1057 daAuts
     D:1: 841 daAuts
     D:3: 60 daAuts
